[ PARTIDA AOE2 · #507144839 ]
UnrankedCoreanos vs Mapuche
Equipo del jugador · DERR
Equipo rival · VICT
[ ANÁLISIS DE REPETICIÓN · EXTRAÍDO DE LA PARTIDA GRABADA ]
Feudal
8:53
Castillos
—
Imperial
—
| APM promedio | 86.8 |
| APM pico | 135 |
| eAPM promedio | 50.9 |
| Aldeanos / militares | 52 / 38 |
Foco
⚔️ 65.9% · 🌾 34.1%
Skirmisher ×19 · Militia ×10 · Archer ×9
Feudal
8:51
Castillos
—
Imperial
—
| APM promedio | 64.0 |
| APM pico | 83 |
| eAPM promedio | 21.4 |
| Aldeanos / militares | 51 / 30 |
Foco
⚔️ 31.4% · 🌾 68.6%
Skirmisher ×22 · Archer ×8 · Unknown (2550) ×3
Mapa de la partida
Recursos iniciales + cada clic de construcción. Líneas = muros · curvas = relieve. ◆ oro · ⬟ piedra · ● bayas · ✦ reliquia · ◌ hueco del cierre
Tu base· Abierta — flanco sin cerrar
Base de CNZS_98T· Abierta — flanco sin cerrar
Terreno inicial suavizado · ◌ = hueco del cierre detectado · pasá el cursor para detalles
Inputs por minuto
— wR.Prisma - - CNZS_98T
Build order — wR.Prisma
Primeras 150 de 170 acciones detectadas
| 0:00 | Crear | Villager (Male) |
| 0:02 | Construir | House |
| 0:02 | Construir | House |
| 0:14 | Crear | Villager (Male) |
| 0:17 | Crear | Villager (Male) |
| 0:21 | Crear | Villager (Male) |
| 1:11 | Construir | House |
| 1:33 | Crear | Villager (Male) |
| 1:53 | Crear | Villager (Male) |
| 2:01 | Construir | Lumber Camp |
| 2:22 | Crear | Villager (Male) |
| 2:49 | Crear | Villager (Male) |
| 3:06 | Crear | Villager (Male) |
| 3:13 | Investigar | Loom |
| 3:24 | Crear | Villager (Male) |
| 3:34 | Crear | Villager (Male) |
| 3:49 | Construir | House |
| 3:50 | Construir | House |
| 4:08 | Crear | Villager (Male) |
| 4:28 | Crear | Villager (Male) |
| 5:00 | Crear | Villager (Male) |
| 5:01 | Construir | Barracks |
| 5:05 | Crear | Villager (Male) |
| 5:27 | Crear | Villager (Male) |
| 5:34 | Construir | House |
| 5:35 | Crear | Villager (Male) |
| 6:00 | Investigar | Loom |
| 6:00 | Investigar | Loom |
| 6:24 | Crear | Militia |
| 6:43 | Investigar | Feudal Age |
| 6:43 | Investigar | Feudal Age |
| 6:51 | Construir | Mining Camp |
| 6:59 | Crear | Militia |
| 7:00 | Crear | Militia |
| 7:23 | Crear | Militia |
| 7:24 | Crear | Militia |
| 7:26 | Crear | Villager (Male) |
| 7:50 | Crear | Militia |
| 7:51 | Crear | Militia |
| 7:51 | Crear | Militia |
| 8:10 | Crear | Militia |
| 8:10 | Crear | Militia |
| 8:53 | Edad | Edad Feudal |
| 8:56 | Construir | Archery Range |
| 9:00 | Investigar | Man-at-Arms (upgrade) |
| 9:15 | Crear | Villager (Male) |
| 9:32 | Construir | House |
| 9:41 | Construir | Palisade Wall |
| 9:41 | Construir | Palisade Wall |
| 9:43 | Construir | Palisade Wall |
| 9:44 | Crear | Villager (Male) |
| 9:48 | Construir | Palisade Wall |
| 9:49 | Construir | Palisade Wall |
| 10:02 | Crear | Archer |
| 10:02 | Crear | Archer |
| 10:07 | Construir | House |
| 10:09 | Crear | Villager (Male) |
| 10:13 | Construir | Mill |
| 10:18 | Crear | Villager (Male) |
| 10:24 | Construir | Palisade Wall |
| 10:25 | Construir | Palisade Wall |
| 10:30 | Crear | Skirmisher |
| 10:30 | Crear | Skirmisher |
| 10:40 | Construir | Palisade Gate |
| 10:42 | Construir | House |
| 10:54 | Crear | Villager (Male) |
| 11:06 | Construir | House |
| 11:18 | Crear | Archer |
| 11:21 | Construir | Farm |
| 11:22 | Construir | Farm |
| 11:23 | Construir | Farm |
| 11:24 | Crear | Villager (Male) |
| 11:27 | Crear | Villager (Male) |
| 11:29 | Construir | Farm |
| 11:33 | Crear | Skirmisher |
| 11:36 | Crear | Archer |
| 11:40 | Construir | Palisade Wall |
| 11:47 | Crear | Villager (Male) |
| 11:53 | Crear | Skirmisher |
| 12:13 | Construir | House |
| 12:14 | Crear | Archer |
| 12:15 | Crear | Villager (Male) |
| 12:17 | Construir | Farm |
| 12:20 | Construir | Farm |
| 12:27 | Investigar | Arson |
| 12:27 | Investigar | Arson |
| 12:32 | Crear | Skirmisher |
| 12:44 | Construir | House |
| 12:44 | Crear | Villager (Male) |
| 12:49 | Construir | Farm |
| 13:01 | Crear | Villager (Male) |
| 13:07 | Crear | Skirmisher |
| 13:18 | Crear | Skirmisher |
| 13:43 | Crear | Villager (Male) |
| 13:46 | Crear | Villager (Male) |
| 13:52 | Construir | Farm |
| 13:52 | Construir | Farm |
| 13:53 | Construir | Farm |
| 14:13 | Crear | Villager (Male) |
| 14:14 | Construir | Farm |
| 14:29 | Crear | Villager (Male) |
| 14:32 | Construir | Blacksmith |
| 14:41 | Crear | Skirmisher |
| 14:43 | Crear | Skirmisher |
| 14:48 | Construir | House |
| 14:49 | Crear | Villager (Male) |
| 14:51 | Construir | Palisade Wall |
| 14:52 | Construir | Palisade Wall |
| 14:58 | Construir | Palisade Wall |
| 14:59 | Construir | Palisade Wall |
| 15:03 | Construir | House |
| 15:06 | Construir | Palisade Wall |
| 15:10 | Crear | Villager (Male) |
| 15:15 | Crear | Villager (Male) |
| 15:16 | Investigar | Fletching |
| 15:17 | Investigar | Fletching |
| 15:18 | Crear | Skirmisher |
| 15:21 | Construir | House |
| 15:29 | Crear | Villager (Male) |
| 15:36 | Crear | Villager (Male) |
| 15:51 | Crear | Villager (Male) |
| 15:54 | Crear | Villager (Male) |
| 15:55 | Construir | Palisade Wall |
| 16:06 | Crear | Skirmisher |
| 16:14 | Construir | Farm |
| 16:27 | Crear | Skirmisher |
| 16:29 | Crear | Villager (Male) |
| 16:31 | Construir | Palisade Wall |
| 16:31 | Construir | Palisade Wall |
| 16:34 | Construir | Palisade Wall |
| 16:35 | Construir | Palisade Wall |
| 16:35 | Construir | Palisade Wall |
| 16:36 | Construir | Palisade Wall |
| 16:37 | Construir | Palisade Wall |
| 16:46 | Crear | Villager (Male) |
| 16:47 | Crear | Skirmisher |
| 16:51 | Crear | Villager (Male) |
| 16:52 | Construir | Farm |
| 16:56 | Crear | Villager (Male) |
| 17:05 | Crear | Villager (Male) |
| 17:39 | Crear | Villager (Male) |
| 17:40 | Crear | Skirmisher |
| 17:42 | Crear | Villager (Male) |
| 17:46 | Crear | Villager (Male) |
| 17:51 | Crear | Skirmisher |
| 17:53 | Crear | Villager (Male) |
| 18:07 | Construir | Farm |
| 18:17 | Crear | Skirmisher |
| 18:21 | Construir | Farm |
| 18:24 | Crear | Skirmisher |
Build order — CNZS_98T
133 acciones detectadas en el replay
| 0:01 | Crear | Villager (Male) |
| 0:01 | Crear | Villager (Male) |
| 0:02 | Crear | Villager (Male) |
| 0:02 | Construir | House |
| 0:04 | Construir | House |
| 0:10 | Crear | Villager (Male) |
| 1:32 | Crear | Villager (Male) |
| 1:32 | Crear | Villager (Male) |
| 1:56 | Crear | Villager (Male) |
| 1:56 | Crear | Villager (Male) |
| 1:58 | Construir | Settlement |
| 2:21 | Crear | Villager (Male) |
| 2:21 | Crear | Villager (Male) |
| 2:50 | Crear | Villager (Male) |
| 2:50 | Crear | Villager (Male) |
| 2:59 | Crear | Villager (Male) |
| 3:34 | Crear | Villager (Male) |
| 3:34 | Crear | Villager (Male) |
| 3:58 | Crear | Villager (Male) |
| 3:59 | Crear | Villager (Male) |
| 4:30 | Crear | Villager (Male) |
| 4:30 | Crear | Villager (Male) |
| 4:56 | Crear | Villager (Male) |
| 4:56 | Crear | Villager (Male) |
| 5:08 | Construir | Barracks |
| 5:13 | Crear | Villager (Male) |
| 5:34 | Construir | House |
| 5:41 | Investigar | Loom |
| 6:37 | Investigar | Feudal Age |
| 7:05 | Crear | Unit 2550 |
| 7:10 | Construir | Settlement |
| 7:26 | Crear | Unit 2550 |
| 7:31 | Construir | Palisade Wall |
| 7:46 | Construir | Palisade Wall |
| 7:58 | Crear | Unit 2550 |
| 8:08 | Construir | House |
| 8:13 | Construir | Palisade Wall |
| 8:30 | Construir | Palisade Wall |
| 8:33 | Construir | Palisade Wall |
| 8:51 | Edad | Edad Feudal |
| 8:54 | Crear | Villager (Male) |
| 9:11 | Crear | Villager (Male) |
| 9:23 | Construir | Archery Range |
| 9:28 | Investigar | Tech 1402 |
| 9:28 | Investigar | Tech 1402 |
| 9:32 | Crear | Villager (Male) |
| 10:02 | Investigar | Double-Bit Axe |
| 10:04 | Crear | Villager (Male) |
| 10:04 | Crear | Villager (Male) |
| 10:23 | Crear | Archer |
| 10:31 | Crear | Villager (Male) |
| 10:43 | Crear | Archer |
| 10:48 | Construir | Farm |
| 10:55 | Crear | Villager (Male) |
| 11:17 | Construir | Farm |
| 11:22 | Construir | Farm |
| 11:27 | Crear | Villager (Male) |
| 11:27 | Crear | Villager (Male) |
| 11:36 | Crear | Villager (Male) |
| 11:38 | Crear | Archer |
| 11:41 | Construir | Farm |
| 11:56 | Construir | House |
| 12:02 | Crear | Skirmisher |
| 12:02 | Crear | Skirmisher |
| 12:06 | Crear | Villager (Male) |
| 12:17 | Construir | House |
| 12:27 | Crear | Skirmisher |
| 12:40 | Crear | Villager (Male) |
| 12:42 | Construir | Farm |
| 12:50 | Crear | Skirmisher |
| 13:09 | Construir | Settlement |
| 13:21 | Crear | Skirmisher |
| 13:22 | Crear | Skirmisher |
| 13:24 | Construir | House |
| 13:38 | Crear | Villager (Male) |
| 13:50 | Construir | Farm |
| 13:51 | Construir | Farm |
| 13:56 | Crear | Skirmisher |
| 14:03 | Crear | Archer |
| 14:09 | Crear | Villager (Male) |
| 14:10 | Crear | Villager (Male) |
| 14:17 | Crear | Archer |
| 14:35 | Construir | Settlement |
| 14:37 | Crear | Villager (Male) |
| 14:39 | Construir | House |
| 14:41 | Construir | Farm |
| 14:53 | Crear | Archer |
| 14:54 | Crear | Skirmisher |
| 15:08 | Crear | Villager (Male) |
| 15:09 | Crear | Villager (Male) |
| 15:21 | Crear | Villager (Male) |
| 15:22 | Construir | House |
| 15:23 | Crear | Archer |
| 15:39 | Crear | Villager (Male) |
| 15:45 | Construir | Blacksmith |
| 15:47 | Construir | Palisade Wall |
| 15:59 | Crear | Villager (Male) |
| 16:04 | Crear | Skirmisher |
| 16:05 | Crear | Skirmisher |
| 16:20 | Crear | Villager (Male) |
| 16:37 | Crear | Archer |
| 16:43 | Investigar | Fletching |
| 16:43 | Investigar | Fletching |
| 16:52 | Crear | Skirmisher |
| 16:52 | Crear | Skirmisher |
| 16:55 | Construir | Farm |
| 17:04 | Crear | Villager (Male) |
| 17:12 | Crear | Skirmisher |
| 17:33 | Crear | Skirmisher |
| 17:33 | Crear | Skirmisher |
| 17:41 | Crear | Villager (Male) |
| 17:54 | Construir | Farm |
| 17:55 | Crear | Villager (Male) |
| 18:04 | Crear | Skirmisher |
| 18:05 | Crear | Skirmisher |
| 18:16 | Construir | Farm |
| 18:17 | Construir | Farm |
| 18:19 | Crear | Villager (Male) |
| 18:25 | Crear | Skirmisher |
| 18:37 | Crear | Villager (Male) |
| 18:40 | Construir | Farm |
| 18:42 | Construir | Farm |
| 19:05 | Crear | Villager (Male) |
| 19:08 | Construir | House |
| 19:13 | Crear | Skirmisher |
| 19:14 | Crear | Skirmisher |
| 19:21 | Construir | Farm |
| 19:24 | Construir | Market |
| 19:28 | Construir | Farm |
| 19:30 | Construir | Farm |
| 19:33 | Crear | Skirmisher |
| 19:35 | Crear | Skirmisher |
| 19:40 | Crear | Villager (Male) |
Cronología de la partida
| 5:01 | wR.Prisma · first_building Barracks |
| 5:08 | CNZS_98T · first_building Barracks |
| 7:31 | CNZS_98T · wall_segment Palisade Wall x6 |
| 7:46 | CNZS_98T · wall_segment Palisade Wall x9 |
| 8:13 | CNZS_98T · wall_segment Palisade Wall x4 |
| 8:30 | CNZS_98T · wall_segment Palisade Wall x2 |
| 8:33 | CNZS_98T · wall_segment Palisade Wall x1 |
| 8:51 | CNZS_98T · age_up feudal |
| 8:53 | wR.Prisma · age_up feudal |
| 8:56 | wR.Prisma · first_building Archery Range |
| 9:23 | CNZS_98T · first_building Archery Range |
| 9:41 | wR.Prisma · wall_segment Palisade Wall x1 |
| 9:41 | wR.Prisma · wall_segment Palisade Wall x1 |
| 9:43 | wR.Prisma · wall_segment Palisade Wall x1 |
| 9:48 | wR.Prisma · wall_segment Palisade Wall x1 |
| 9:49 | wR.Prisma · wall_segment Palisade Wall x2 |
| 10:24 | wR.Prisma · wall_segment Palisade Wall x1 |
| 10:25 | wR.Prisma · wall_segment Palisade Wall x1 |
| 11:40 | wR.Prisma · wall_segment Palisade Wall x1 |
| 14:51 | wR.Prisma · wall_segment Palisade Wall x5 |
| 14:52 | wR.Prisma · wall_segment Palisade Wall x1 |
| 14:58 | wR.Prisma · wall_segment Palisade Wall x1 |
| 14:59 | wR.Prisma · wall_segment Palisade Wall x1 |
| 15:06 | wR.Prisma · wall_segment Palisade Wall x1 |
| 15:47 | CNZS_98T · wall_segment Palisade Wall x1 |
| 15:55 | wR.Prisma · wall_segment Palisade Wall x1 |
| 16:31 | wR.Prisma · wall_segment Palisade Wall x1 |
| 16:31 | wR.Prisma · wall_segment Palisade Wall x1 |
| 16:34 | wR.Prisma · wall_segment Palisade Wall x1 |
| 16:35 | wR.Prisma · wall_segment Palisade Wall x1 |
| 16:35 | wR.Prisma · wall_segment Palisade Wall x1 |
| 16:36 | wR.Prisma · wall_segment Palisade Wall x1 |
| 16:37 | wR.Prisma · wall_segment Palisade Wall x1 |
| 18:57 | wR.Prisma · wall_segment Palisade Wall x1 |
| 18:58 | wR.Prisma · wall_segment Palisade Wall x1 |
| 20:00 | wR.Prisma · resign |
[ ANÁLISIS IA · 1 CRÉDITO ]
¿Qué pasó realmente en esta partida?
Wolo.gg analiza cada decisión: build order, eco, micro, errores típicos por bracket. Análisis personalizado por WhatsApp o Discord en 30 segundos.
Guía civ
Coreanos
Perfil
Jugador #3176045